 Dungeon Crawl Stone Soup version 0.31-a0-210-gccc998df9b (webtiles) character file.

Game seed: 6933576589726618902

686 qw the Shooter (level 7, -3/43 HPs)
             Began as a Gargoyle Hexslinger on June 30, 2023.
             Was an Initiate of Okawaru.
             Slain by a yak (11 damage)
             ... on level 5 of the Dungeon.
             The game lasted 00:01:33 (3182 turns).

qw the Shooter (Gargoyle Hexslinger)                Turns: 3182, Time: 00:01:34

Health: -3/43      AC:  8    Str: 11    XL:     7   Next: 62%
Magic:  8/8        EV: 12    Int: 14    God:    Okawaru [......]
Gold:   185        SH:  0    Dex: 14    Spells: 7/8 levels left

rFire   + + .        Y - +2 sling (drain)
rCold   . . .        (no shield)
rNeg    + . .        c - +1 robe "Pieclup" {rF++}
rPois   inf          (no helmet)
rElec   +            i - +0 cloak
rCorr   .            (no gloves)
SInv    .            (no boots)
Will    .....        j - amulet of faith
Stlth   +            (no ring)
HPRegen 0.27/turn    (no ring)
MPRegen 0.11/turn

%: faith
@: no status effects
A: sickness immunity, AC +4, negative energy resistance 1, electricity
resistance, torment resistance 1, petrification resistance
a: Renounce Religion


You were on level 5 of the Dungeon.
You worshipped Okawaru.
Okawaru was noncommittal.
You visited 2 branches of the dungeon, and saw 6 of its levels.

You collected 185 gold pieces.


Innate Abilities, Weirdness & Mutations

You are immune to sickness and miasma.
Your stone body is resilient. (AC +4)
You are immune to poison.
You resist negative energy. (rN+)
You are resistant to electric shocks. (rElec)
You are resistant to unholy torment.
You are immune to petrification.


   Skills:
 - Level 4.2 Fighting
 + Level 7.3 Ranged Weapons
 - Level 1.0 Armour
 - Level 1.5 Dodging
 - Level 1.0 Spellcasting
 - Level 2.6 Hexes


You had 7 spell levels left.
You knew the following spells:

 Your Spells              Type           Power      Damage    Failure   Level
a - Slow                  Hex            32%        N/A       9%          1

Your spell library contained the following spells:

 Spells                   Type           Power      Damage    Failure   Level
 Inner Flame              Hex/Fire       4%         N/A       41%         3
 Portal Projectile        Hex/Tloc       8%         N/A       41%         3
 Cause Fear               Hex            4%         N/A       65%         4

Inventory:

Hand Weapons
 Y - a +2 sling of draining (weapon)
Armour
 c - the +1 robe "Pieclup" (worn) {rF++}
   (You acquired it on level 3 of the Dungeon)

   rF:        It greatly protects you from fire.
 i - a +0 cloak (worn)
 l - a +0 ring mail
Jewellery
 j - an amulet of faith (around neck)
Scrolls
 a - a scroll of identify
Potions
 d - a potion of enlightenment {unknown}
 e - a potion of cancellation
 f - a potion of might {unknown}

Dungeon Overview and Level Annotations

Branches:
Dungeon (5/15)             Temple (1/1) D:4

Altars:
Ashenzari
Dithmenos
Elyvilon
Fedhas
Gozag
Hepliaklqana
Kikubaaqudgha
Makhleb
Nemelex Xobeh
Okawaru
Qazlal
Ru
Sif Muna
Uskayaw
Vehumet
Wu Jian
Xom
Zin
The Shining One

Shops:
D:2 =


Message History

3172 ||| DRINKING potion of heal wounds.
You feel much better. The adder bites you but does no damage.
The yak gores you but does no damage. The yak gores you.
You shoot a sling bullet. The sling bullet barely misses the yak.
The adder closely misses you. The yak completely misses you.
The adder bites you. The yak gores you.
You shoot a sling bullet. The sling bullet hits the yak.
The yak is heavily wounded.
The adder bites you but does no damage. The yak closely misses you.
The yak gores you but does no damage.
You shoot a sling bullet.
The sling bullet hits the yak but does no damage.
You drain the yak.
The yak is heavily wounded.
The adder bites you but does no damage. The yak gores you! The yak gores you.
The adder bites you but does no damage.
You shoot a sling bullet. The sling bullet barely misses the yak.
The adder bites you but does no damage. The yak barely misses you.
You shoot a sling bullet. The sling bullet hits the yak.
The yak is heavily wounded.
The adder closely misses you. The yak gores you. The yak closely misses you.
You shoot a sling bullet. The sling bullet barely misses the yak.
The adder bites you. The yak barely misses you.
You shoot a sling bullet. The sling bullet hits the yak.
The yak is severely wounded.
The adder bites you but does no damage. The yak closely misses you.
You shoot a sling bullet. The sling bullet hits the yak.
The yak is severely wounded.
The adder barely misses you. The yak gores you. The adder barely misses you.
You shoot a sling bullet. The sling bullet hits the yak.
You drain the yak.
You kill the yak!
Okawaru is honoured by your kill. The yak closely misses you.
The adder bites you but does no damage.
Your Ranged Weapons skill increases to level 7!
You shoot a sling bullet.
The sling bullet hits the yak but does no damage.
The yak is moderately wounded.
The yak gores you!
You die...

... .. .. .. .#. .. .#
... #. .# ..# #..
.#..## ...#..##s#...#
.......YS....# ......
#@Y# ..... ##Y### ...#
#....# # ...# #..#.#
#. #.. ###+##'##+###
#.####.###.....#.....#
#...#..#.#.....#.....#
#........'##'##'##+##+
###...#..#..#.....#


You could see 3 yaks, a scorpion and an adder.

Vanquished Creatures
  A yak (D:5)
  An ogre (D:4)
  A howler monkey (D:4)
  4 hounds (D:4)
  3 iguanas (D:4)
  4 gnolls
  7 adders
  A white imp (D:5)
  2 worms (D:2)
  2 dart slugs
  3 orcs
  14 ball pythons
  10 bats
  9 endoplasms
  2 giant cockroaches
  9 goblins
  9 hobgoblins
  2 jackals (D:2)
  6 quokkas
  5 frilled lizards
  5 kobolds
  4 rats
104 creatures vanquished.

Notes
Turn   | Place    | Note
-------+----------+-------------------------------------------
     0 | D:1      | qw the Gargoyle Hexslinger began the quest for the Orb.
     0 | D:1      | Reached XP level 1. HP: 12/12 MP: 2/2
     0 | D:1      | 0 ||| qw: Version: 0.3-a-26-gee661ec
     0 | D:1      | 0 ||| qw: Game counter: 7230
     0 | D:1      | 0 ||| qw: Melee chars always use a shield: true
     0 | D:1      | 0 ||| qw: God list: Okawaru
     0 | D:1      | 0 ||| qw: Allow faded altars: false
     0 | D:1      | 0 ||| qw: Do Orc after clearing Dungeon:15 true
     0 | D:1      | 0 ||| qw: Do second Lair branch before Depths: true
     0 | D:1      | 0 ||| qw: Lair rune preference: random
     0 | D:1      | 0 ||| qw: Goals: Normal
     0 | D:1      | 0 ||| PLANNING D:1-11
   205 | D:1      | 205 ||| FLEEEEING.
   206 | D:1      | 206 ||| FLEEEEING.
   221 | D:1      | Reached XP level 2. HP: 16/16 MP: 3/3
   232 | D:1      | Found a faded altar of an unknown god.
   288 | D:1      | Reached skill level 3 in Ranged Weapons
   463 | D:1      | Reached XP level 3. HP: 18/21 MP: 4/4
   812 | D:1      | 812 ||| UPGRADING to +0 cloak.
   817 | D:1      | 817 ||| UPGRADING to amulet of faith.
   822 | D:1      | 822 ||| READING 2 scrolls labelled TAICEATUSI.
   823 | D:1      | 823 ||| READING scroll labelled NARRUNUBEDI.
   824 | D:1      | 824 ||| READING scroll labelled MUTETUM AMYR.
   828 | D:1      | 828 ||| DROPPING scroll of poison.
   878 | D:2      | 878 ||| STAIRDANCE
   909 | D:2      | Reached XP level 4. HP: 25/26 MP: 5/5
   927 | D:2      | Reached skill level 4 in Ranged Weapons
  1401 | D:2      | Found Xizeax's Jewellery Emporium.
  1405 | D:2      | 1405 ||| SHOPLISTING ring "Niurix" {rN+ Int+3 Stlth+} (505
                  | gold, have 64).
  1405 | D:2      | 1405 ||| SHOPLISTING ring of protection from cold (350
                  | gold, have 64).
  1405 | D:2      | 1405 ||| SHOPLISTING ring of protection from fire (350
                  | gold, have 64).
  1405 | D:2      | 1405 ||| SHOPLISTING ring of the Brewing Hero {rC+ rN+
                  | Int+3 Slay+3} (740 gold, have 64).
  1528 | D:2      | 1528 ||| UPGRADING to +0 leather armour.
  1538 | D:2      | 1538 ||| DROPPING +0 robe.
  1539 | D:2      | 1539 ||| UPGRADING to +0 ring mail.
  1549 | D:2      | 1549 ||| DROPPING +0 leather armour.
  1550 | D:2      | 1550 ||| READING scroll labelled WEORUI IBLOACO.
  1551 | D:2      | 1551 ||| READING scroll labelled CUEJUCR CEMIC.
  1552 | D:2      | 1552 ||| READING scroll labelled TAJ RYISKUCOUS.
  1553 | D:2      | 1553 ||| READING 2 scrolls of identify.
  1553 | D:2      | 1553 ||| IDENTIFYING lumpy grey potion
  1622 | D:3      | Reached skill level 1 in Armour
  1631 | D:3      | Reached XP level 5. HP: 30/30 MP: 6/6
  1689 | D:3      | Reached skill level 5 in Ranged Weapons
  2201 | D:3      | 2201 ||| READING scroll labelled SUIXTI KIMN.
  2201 | D:3      | Identified a scroll of acquirement
  2201 | D:3      | 2201 ||| ACQUIRING +1 robe "Pieclup" {rF++}
  2201 | D:3      | Acquired the +1 robe "Pieclup" {rF++}
  2203 | D:3      | 2203 ||| UPGRADING to +1 robe "Pieclup" {rF++}.
  2213 | D:3      | 2213 ||| READING 2 scrolls of identify.
  2213 | D:3      | 2213 ||| IDENTIFYING white potion
  2246 | D:4      | Reached skill level 3 in Fighting
  2248 | D:4      | Noticed an ogre
  2256 | D:4      | Killed an ogre
  2257 | D:4      | Reached XP level 6. HP: 37/37 MP: 7/7
  2446 | D:4      | Reached skill level 6 in Ranged Weapons
  2612 | D:4      | Found a sacrificial altar of Ru.
  2612 | D:4      | Found a broken altar of Ashenzari.
  2645 | D:4      | Found a staircase to the Ecumenical Temple.
  2646 | D:4      | 2646 ||| PLANNING TEMPLE
  2651 | D:4      | Reached XP level 7. HP: 30/43 MP: 8/8
  2722 | D:4      | 2722 ||| READING scroll labelled LOTROTH QUEX.
  2730 | Temple   | Entered the Ecumenical Temple
  2731 | Temple   | 2731 ||| PLANNING OKAWARU WORSHIP
  2745 | Temple   | Became a worshipper of Warmaster Okawaru
  2746 | Temple   | 2746 ||| PLANNING D:1-11
  2996 | D:4      | Found a shimmering altar of Xom.
  3040 | D:4      | 3040 ||| READING scroll labelled RAGET FEGAPLOF.
  3055 | D:5      | Entered Level 5 of the Dungeon
  3141 | D:5      | Found a hide-covered altar of Uskayaw.
  3155 | D:5      | Noticed a yak
  3155 | D:5      | Noticed a yak
  3155 | D:5      | Noticed a yak
  3158 | D:5      | Noticed a yak
  3171 | D:5      | HP: 9/43 [yak (3)]
  3172 | D:5      | 3172 ||| DRINKING potion of heal wounds.
  3177 | D:5      | HP: 10/43 [yak (4)]
  3181 | D:5      | Killed a yak
  3182 | D:5      | Reached skill level 7 in Ranged Weapons
  3182 | D:5      | Slain by a yak

Levels and vault maps discovered:
D:1:      dpeg_cavernosity, layout_loops_ring, chequers_ecumenical_altar_simple,
          kennysheep_doodads
D:2:      layout_basic, serial_shops, nicolae_shop_back_alley_shop
D:3:      layout_basic, grunt_ministairs_5, nicolae_half_adder
D:4:      layout_loops_ring, gammafunk_temple_overflow_statue,
          kennysheep_mini_moat, minmay_temple_entry_waves
D:5:      layout_cave_pools, mainiacjoe_overflow_24_doors, serial_shops, shop
Temple:   minmay_freezing_vapour_temple

Skill      XL: |  1  2  3  4  5  6  7 |
---------------+----------------------+-----
Ranged Weapons | 3 4 5 6 7 |  7.3
Fighting       | 2 3 4 |  4.2
Armour         | 1 |  1.0
Dodging        | |  1.5
Spellcasting   | |  1.0
Hexes          | |  2.6

Action                     |  1- 3 |  4- 6 |  7- 9 || total
---------------------------+-------+-------+-------++-------
   Fire: Sling             |   104 |   229 |    57 ||   390
    Use: Scroll            |     3 |     6 |     2 ||    11
         Potion            |       |       |     1 ||     1
 Armour: Robe              |    28 |    30 |    26 ||    84
         Ring mail         |       |    16 |       ||    16
  Dodge: Dodged            |    45 |    60 |    54 ||   159

Table legend:
 A = Non-vault XP
 B = Vault XP
 C = Vault XP percentage of total XP
 D = Non-vault monster count
 E = Vault monster count
 F = Vault count percentage of total count
                 A         B        C        D         E       F
            +---------+---------+-------+---------+---------+-------
      Total |     919 |      61 |   6.2 |      95 |       9 |   8.7
            +---------+---------+-------+---------+---------+-------
        D:1 |      53 |      20 |  27.4 |      23 |       4 |  14.8
        D:2 |      67 |       0 |   0.0 |      26 |       0 |   0.0
        D:3 |      76 |      41 |  35.0 |      23 |       5 |  17.9
        D:4 |     484 |       0 |   0.0 |      20 |       0 |   0.0
        D:5 |     239 |       0 |   0.0 |       3 |       0 |   0.0
            +---------+---------+-------+---------+---------+-------
